 Dungeon Crawl Stone Soup version 0.25.1-2-g60ff931df9 (webtiles) character file.

Game seed: 1391653326571379854

23 Acheron the Slasher (level 2, 0/18 HPs)
             Began as a Deep Elf Chaos Knight on Aug 14, 2020.
             Was a Plaything of Xom.
             Slain by Robin
             ... wielding a +0 club
              (3 damage)
             ... on level 2 of the Dungeon.
             The game lasted 00:03:30 (1014 turns).

Acheron the Slasher (Deep Elf Chaos Knight)         Turns: 1014, Time: 00:03:30

Health: 0/18       AC:  5    Str:  9    XL:     2   Next: 72%
Magic:  5/5        EV: 12    Int: 16    God:    Xom [..*...]
Gold:   38         SH:  0    Dex: 14    Spells: 3/3 levels left

rFire    . . .     SeeInvis .   a - +0 falchion (chaos)
rCold    . . .     Gourm    .   (no shield)
rNeg     . . .     Faith    .   b - +2 leather armour
rPois    .         Spirit   .   (no helmet)
rElec    .         Reflect  .   (no cloak)
rCorr    .         Harm     .   (no gloves)
MR       .....                  (no boots)
Stlth    +.........             (no amulet)
HPRegen  0.06/turn              (no ring)
MPRegen  0.09/turn              (no ring)

@: no status effects
A: no striking features
a: Renounce Religion


You were on level 2 of the Dungeon.
You worshipped Xom.
You were a toy of Xom.
You were not hungry.

You visited 1 branch of the dungeon, and saw 2 of its levels.

You collected 38 gold pieces.

Inventory:

Hand Weapons
 a - a +0 falchion of chaos (weapon)
Missiles
 d - 24 poisoned darts (quivered)
 j - 12 sling bullets
 m - 22 stones
Armour
 b - a +2 leather armour (worn)
Jewellery
 e - an uncursed ring of poison resistance {unknown}
 l - an uncursed amulet of faith {unknown}
Scrolls
 h - a scroll of immolation {unknown}
 i - 2 scrolls of remove curse {unknown}
 k - a scroll of fog {unknown}
 n - a scroll of identify {unknown}
Potions
 f - a potion of mutation {unknown}
 g - a potion of haste {unknown}
 p - a potion of lignification {unknown}
 q - 2 potions of flight {unknown}
Comestibles
 c - 3 rations
 o - 2 chunks of flesh


   Skills:
 + Level 2.6 Fighting
 + Level 2.9 Long Blades
 * Level 1.1 Armour
 * Level 2.6 Dodging
 * Level 0.9 Stealth
 * Level 1.0 Spellcasting


You had 3 spell levels left.
You didn't know any spells.
Your spell library was empty.

Dungeon Overview and Level Annotations

Branches:
Dungeon (2/15)

Altars:

Annotations:
D:1 exclusion: downstairs
D:2 Robin, Sigmund


Message History

You hit the hobgoblin.
The hobgoblin is lightly wounded.
The goblin unwields a +0 dagger.
The goblin wields a +0 hunting sling.
The goblin shoots a stone.
The stone barely misses you. The hobgoblin hits you with a +0 club.
The goblin hits you but does no damage.
You closely miss the hobgoblin. The hobgoblin hits you with a +0 club.
* * * LOW HITPOINT WARNING * * *
The goblin barely misses you.
You riposte.
You hit the goblin.
The goblin is almost dead.
You hit the hobgoblin but do no damage.
Robin roars a battlecry!
The hobgoblin goes into a battle-frenzy!
The hobgoblin hits you but does no damage.
The goblin barely misses you.
Unknown command.
You hit the hobgoblin.
You kill the hobgoblin!
Robin hits you with a +0 club.
You die...
Xom guffaws!

...# #..#
#..## #... #
#..##.###
+.g......
#ggg..# #@#
###
#)###..... .
#.......g.
...
#.######## ..
#.# . #.# ##
#.# ..
######+####.#
#
#...........#


You could see Robin, a hobgoblin (strong) and 2 goblins.

Vanquished Creatures
  2 dart slugs (D:1)
  2 bats
  4 goblins
  3 hobgoblins
  A kobold (D:2)
  4 rats
16 creatures vanquished.

Vanquished Creatures (collateral kills)
  A leopard gecko (D:1)
  A rat (D:1)
2 creatures vanquished.

Grand Total: 18 creatures vanquished

Notes
Turn   | Place    | Note
-------+----------+-------------------------------------------
     0 | D:1      | Acheron the Deep Elf Chaos Knight began the quest for the
                  | Orb.
     0 | D:1      | Reached XP level 1. HP: 13/13 MP: 3/3
   143 | D:1      | Reached XP level 2. HP: 18/18 MP: 4/4
   153 | D:1      | XOM: silly message
   228 | D:1      | XOM: 3-stop teleportation journey
   287 | D:1      | XOM: silly message
   364 | D:1      | XOM: god gift: flail {god gift}
   389 | D:1      | Reached skill level 1 in Armour
   453 | D:1      | XOM: summons friendly white imp
   523 | D:1      | XOM: polymorph white imp -> iron imp
   572 | D:1      | XOM: noise
   886 | D:2      | Noticed Sigmund
   887 | D:2      | XOM: confuse monster(s)
   991 | D:2      | XOM: scenery: 1 doors close
   995 | D:2      | Reached skill level 1 in Spellcasting
  1008 | D:2      | Noticed Robin
  1014 | D:2      | Slain by Robin

Illustrated notes

Levels and vault maps discovered:
D:1:      mushboom_english_gardens, layout_basic
D:2:      layout_basic, overflow_temple_1_default, minmay_tall_x, uniq_terence,
          uniq_sigmund, uniq_robin

Skill      XL: |  1  2 |
---------------+-------+-----
Armour         | 1 |  1.1
Spellcasting   | 1 |  1.0
Fighting       | |  2.6
Long Blades    | |  2.9
Dodging        | |  2.6
Stealth        | |  0.9

Action                   || total
-------------------------++-------
Melee: Falchion          ||    33
       Flail             ||     7
Armor: Leather armour    ||    15
Dodge: Dodged            ||    20
       Rpst.: Falchion   ||     3
